 Dungeon Crawl Stone Soup version 0.25-a0-100-g33052ceff8 (webtiles) character file.

Game seed: 6745130370298537123, levelgen mode: deterministic

21 vurker the Magician (level 2, 0/20 HPs)
             Began as a Mummy Fire Elementalist on Nov 14, 2019.
             Slain by a leopard gecko (3 damage)
             ... on level 1 of the Dungeon.
             The game lasted 00:01:24 (672 turns).

vurker the Magician (Mummy Fire Elementalist)        Turns: 672, Time: 00:01:25

Health: 0/20       AC:  2    Str: 15    XL:     2   Next: 62%
Magic:  0/6        EV: 12    Int: 14    God:
Gold:   25         SH:  0    Dex: 12    Spells: 6/7 levels left

rFire    x . .     SeeInvis .   f - +0 dagger
rCold    + . .     Gourm    .   (no shield)
rNeg     + + +     Faith    .   a - +0 robe
rPois    ∞         Spirit   .   (no helmet)
rElec    .         Reflect  .   (no cloak)
rCorr    .         Harm     .   (no gloves)
MR       .....                  (no boots)
Stlth    ++........             (no amulet)
HPRegen  0.06/turn              d - +4 ring of strength
MPRegen  0.10/turn              (no ring)

@: very slightly contaminated
A: no food or potions, fire vulnerability, cold resistance 1, negative energy
resistance 3, torment resistance, unbreathing
a: no special abilities


You were on level 1 of the Dungeon.
You were not hungry.

You visited 1 branch of the dungeon, and saw 1 of its levels.

You collected 25 gold pieces.

Inventory:

Hand Weapons
 f - a +0 dagger (weapon)
   (You took it off a kobold on level 1 of the Dungeon)
Armour
 a - a +0 robe (worn)
 b - a +0 pair of boots
   (You found it on level 1 of the Dungeon)
Jewellery
 d - a +4 ring of strength (left hand)
   (You found it on level 1 of the Dungeon)
Scrolls
 e - a scroll of identify {unknown}


   Skills:
 + Level 0.5 Fighting
 - Level 1.5 Dodging
 - Level 1.5 Stealth
 * Level 3.1 Spellcasting
 * Level 1.2 Conjurations
 * Level 2.7 Fire Magic


You had 6 spell levels left.
You knew the following spells:

 Your Spells              Type           Power        Failure   Level  Hunger
a - Flame Tongue          Conj/Fire      #....        10%         1    N/A

Your spell library contained the following spells:

 Spells                   Type           Power        Failure   Level  Hunger
 Throw Flame              Conj/Fire      #.....       14%         2    N/A
 Conjure Flame            Conj/Fire      #.......     28%         3    N/A
 Inner Flame              Hex/Fire       #.......     36%         3    N/A
 Sticky Flame             Conj/Fire      #.......     67%         4    N/A
 Fireball                 Conj/Fire      #.........   95%         5    N/A

Dungeon Overview and Level Annotations

Branches:
Dungeon (1/15)

Altars:


Innate Abilities, Weirdness & Mutations

You do not eat or drink.
Your flesh is vulnerable to fire.
You are immune to poison.
Your flesh is cold resistant. (rC+)
You are immune to negative energy. (rN+++)
You are immune to unholy pain and torment.
You can survive without breathing.


Message History

Your magical contamination has completely faded away.
A hobgoblin comes into view. It is wielding a +0 club.
A hobgoblin is nearby!
A hobgoblin is nearby!
The hobgoblin shouts!
You hear an angry hiss.
Aim: a hobgoblin, wielding a +0 club The flame tongue hits the hobgoblin!
You kill the hobgoblin!
No target in view!
A leopard gecko comes into view.
A leopard gecko is nearby!
A kobold comes into view.
The kobold shouts!
A kobold comes into view.
The kobold shouts!
Aim: a leopard gecko The flame tongue misses the leopard gecko.
Aim: a leopard gecko The flame tongue hits the leopard gecko.
The leopard gecko barely misses you.
A goblin comes into view. It is wielding a +0 club.
Aim: a leopard gecko (almost dead)
The flame tongue misses the leopard gecko.
The goblin shouts!
The leopard gecko misses you. The leopard gecko bites you.
Aim: a leopard gecko (almost dead)
The flame tongue misses the leopard gecko.
The leopard gecko bites you.
Aim: a leopard gecko (almost dead)
You miscast Flame Tongue.
You are very lightly contaminated with residual magic.
You feel a strange surge of energy! The leopard gecko closely misses you.
The kobold hits you.
You don't have enough magic to cast that spell.
The leopard gecko closely misses you. The kobold hits you.
* * * LOW HITPOINT WARNING * * *
The leopard gecko bites you.
* * * LOW HITPOINT WARNING * * *
Aim: a leopard gecko (heavily wounded)
The flame tongue hits the kobold.
You kill the kobold!
The leopard gecko closely misses you.
You miss the leopard gecko. The leopard gecko bites you.
* * * LOW HITPOINT WARNING * * *
Aim: a leopard gecko (moderately wounded, clinging)
The flame tongue hits the leopard gecko.
The leopard gecko barely misses you.
You barely miss the leopard gecko. The leopard gecko bites you.
You die...

.. #...# ################# ##
..###...# #....##.........####.
........# #....##..............
#......# #.................(..
#+##......###.......#........)...
.....>..............#............
....................#.......###..
...............##...#.......# #..
.............gKl@...........##...
..............##########..#......
..........†#### ##.'......
........†.## ##### ###......
..#.......# #<#.## ......
..#.......# ####.#.# ......
..#.......# #.#.#.## ......
..#......(# #.#### ......
.......#### #.#.#### ....


You could see a leopard gecko, a goblin and a kobold.

Vanquished Creatures
  2 dart slugs (D:1)
  3 bats (D:1)
  A goblin (D:1)
  3 hobgoblins (D:1)
  5 kobolds (D:1)
  A rat (D:1)
15 creatures vanquished.

Notes
Turn   | Place    | Note
-------+----------+-------------------------------------------
     0 | D:1      | vurker the Mummy Fire Elementalist began the quest for the
                  | Orb.
     0 | D:1      | Reached XP level 1. HP: 13/13 MP: 4/4
   198 | D:1      | Reached skill level 1 in Conjurations
   238 | D:1      | Reached skill level 3 in Spellcasting
   238 | D:1      | Reached XP level 2. HP: 19/20 MP: 0/6
   672 | D:1      | Slain by a leopard gecko

Levels and vault maps discovered:
D:1:      nagdon_arrival_zigzag_paths, layout_basic

Skill      XL: |  1 |
---------------+----+-----
Conjurations   | 1 |  1.2
Spellcasting   | 3 |  3.1
Fighting       | |  0.5
Dodging        | |  1.5
Stealth        | |  1.5
Fire Magic     | |  2.7

Action                   || total
-------------------------++-------
Melee: Unarmed           ||    10
       Short sword       ||     6
       Dagger            ||     2
 Cast: Flame Tongue      ||    26
Armor: Robe              ||     4
Dodge: Dodged            ||    23

Table legend:
 A = Non-vault XP
 B = Vault XP
 C = Vault XP percentage of total XP
 D = Non-vault monster count
 E = Vault monster count
 F = Vault count percentage of total count
                 A         B        C        D         E       F
            +---------+---------+-------+---------+---------+-------
      Total |      30 |       0 |   0.0 |      15 |       0 |   0.0
            +---------+---------+-------+---------+---------+-------
        D:1 |      30 |       0 |   0.0 |      15 |       0 |   0.0
            +---------+---------+-------+---------+---------+-------
